 Dungeon Crawl Stone Soup version 0.32-a0-132-g2d33c3cfaf (webtiles) character file.

Game seed: 10007707644250560957

22316 ragingrage the Markself (level 12, 0/64 HPs)
             Began as a Deep Elf Delver on Feb 9, 2024.
             Was an Elder of Hepliaklqana.
             Slain by a basilisk (3 damage)
             ... while petrified by a basilisk
             ... on level 3 of the Lair of Beasts.
             The game lasted 00:24:46 (13468 turns).

ragingrage the Markself (Deep Elf Delver)          Turns: 13468, Time: 00:24:47

Health: 0/64       AC: 14    Str:  9    XL:     12   Next: 61%
Magic:  18/18      EV:  2    Int: 17    God:    Hepliaklqana [****..]
Gold:   370        SH:  0    Dex: 17    Spells: 11/11 levels left

rFire   . . .        b - +0 orcbow (drain)
rCold   . . .        (shield currently unavailable)
rNeg    + + +        z - +3 leather armour of Cesisah {Rampage ^Drain rCorr Dex-3}
rPois   ∞            (no helmet)
rElec   .            D - +0 cloak
rCorr   +            y - +0 pair of gloves
SInv    .            I - +1 pair of boots
Will    ++...        O - amulet of the acrobat
Stlth   ++++         H - ring of willpower
HPRegen 0.30/turn    P - +4 ring of protection
MPRegen 0.16/turn

%: acrobat, rampage
@: petrified
A: reduced essence
a: Renounce Religion, Recall Ancestor, Ancestor Identity, Transference, Idealise


You were on level 3 of the Lair of Beasts.
You worshipped Hepliaklqana.
Hepliaklqana was greatly pleased with you.
You visited 2 branches of the dungeon, and saw 14 of its levels.

You collected 944 gold pieces.
You spent 574 gold pieces at shops.

Inventory:

Hand Weapons
 a - the +1 dagger of Secrifum {venom, rElec rCorr Stlth+}
   (You found it on level 1 of the Lair of Beasts)

   rElec:     It insulates you from electricity.
   rCorr:     It protects you from acid and corrosion.
   Stlth+:    It makes you more stealthy.
 b - a +0 orcbow of draining (weapon)
 c - a +1 short sword of electrocution
Missiles
 o - 62 poisoned darts
 R - 5 curare-tipped darts
Armour
 y - a +0 pair of gloves (worn)
 z - the +3 leather armour of Cesisah (worn) {Rampage ^Drain rCorr Dex-3}
   (You found it on level 2 of the Dungeon)

   Dex-3:     It affects your dexterity (-3).
   rCorr:     It protects you from acid and corrosion.
   ^Drain:    It drains your maximum health when unequipped.
   Rampage:   It bestows one free step when moving towards enemies.
 B - a +0 robe of cold resistance
 D - a +0 cloak (worn)
 I - a +1 pair of boots (worn)
 V - a scarf of resistance
Jewellery
 l - a ring of flight
 H - a ring of willpower (left hand)
 O - an amulet of the acrobat (around neck)
 P - a +4 ring of protection (right hand)
Wands
 g - a wand of digging (3)
 j - a wand of roots (3)
 r - a wand of paralysis (23)
 E - a wand of flame (27)
 J - a wand of mindburst (3)
 M - a wand of quicksilver (11)
Scrolls
 d - 3 scrolls of revelation
 e - 3 scrolls of fear
 h - 5 scrolls of teleportation
 i - a scroll of enchant weapon {unknown}
 k - 2 scrolls of amnesia
 m - a scroll of silence
 p - a scroll of vulnerability
 s - a scroll of poison
 C - a scroll of blinking
 F - 4 scrolls of noise
 K - a scroll of summoning
 Q - 2 scrolls of immolation {unknown}
 S - a scroll of fog
 T - a scroll of enchant armour
 U - a scroll of brand weapon
Potions
 f - 3 potions of haste
 n - 6 potions of heal wounds
 q - a potion of ambrosia
 t - a potion of brilliance
 u - 2 potions of might
 v - 4 potions of lignification
 w - 5 potions of enlightenment
 x - a potion of cancellation
 A - 3 potions of curing
 G - a potion of mutation
 L - 2 potions of attraction
 N - a potion of berserk rage


   Skills:
 + Level 7.4 Fighting
 - Level 5.9 Short Blades
 - Level 16.0 Ranged Weapons
 + Level 13.2 Dodging
 - Level 8.0 Stealth
 + Level 6.3 Invocations
 - Level 6.0 Evocations


You had 11 spell levels left.
You didn't know any spells.
Your spell library contained the following spells:

 Spells                   Type           Power      Damage    Failure   Level
 Freeze                   Ice            0%         1d3       32%         1
 Call Imp                 Summ           0%         N/A       45%         2
 Cigotuvi's Dreadful Rot  Necr/Alch/Air  0%         N/A       45%         2
 Sublimation of Blood     Necr           0%         N/A       45%         2
 Frozen Ramparts          Ice            0%         1d1       69%         3
 Hailstorm                Conj/Ice       0%         3d5       69%         3
 Summon Ice Beast         Ice/Summ       0%         N/A       69%         3
 Ignite Poison            Fire/Alch      0%         N/A       97%         4
 Manifold Assault         Tloc           0%         N/A       97%         4
 Freezing Cloud           Conj/Ice/Air   0%         6-21      100%        5
 Dispersal                Tloc           0%         N/A       100%        6
 Sculpt Simulacrum        Ice/Alch       0%         N/A       100%        6
 Summon Hydra             Summ           0%         N/A       100%        7
 Disjunction              Tloc           0%         N/A       100%        8


Dungeon Overview and Level Annotations

Branches:
Dungeon (10/15)            Temple (0/1) D:7            Lair (4/5) D:8
 Shoals (0/4) Lair:2        Snake (0/4) Lair:2
  Slime: Lair:4-5       Orc: D:9-12

Altars:
Ashenzari
Dithmenos
Elyvilon
Fedhas
Hepliaklqana
Makhleb
Okawaru
Ru
Sif Muna
Trog
Uskayaw
Vehumet
Wu Jian
Xom

Shops:
D:2 [   D:6 [   D:7 ?   D:9 *

Annotations:
D:3 exclusion: downstairs
D:4 2 transporters, Ceno's ghost, amateur NaIE
D:7 1 runed translucent door, zenocrate's ghost, novice MiDe
Lair:4 Rupert


Message History

Your limbs are stiffening.
You shoot an arrow. The arrow barely misses the yak. x2
The yak barely misses you.
The basilisk bites you but does no damage.
The yak completely misses you. The yak barely misses you.
You have turned to stone.
Synnove closely misses the yak.
The basilisk bites you! The yak gores you but does no damage.
The yak gores you. The yak gores you but does no damage.
The basilisk bites you but does no damage.
The yak gores you! The yak gores you. x2
The yak gores you but does no damage. The yak gores you.
The basilisk bites you.
The yak gores you but does no damage. x2
Synnove completely misses the yak.
The yak gores you! The basilisk bites you! The yak gores you.
The yak gores you but does no damage. x2
Synnove hits the yak with a +0 flail.
The yak gores you but does no damage.
The basilisk bites you but does no damage.
The yak gores you! x2
* * * LOW HITPOINT WARNING * * *
The yak gores you!
* * * LOW HITPOINT WARNING * * *
The yak gores you.
* * * LOW HITPOINT WARNING * * *
The basilisk bites you but does no damage.
The yak gores you.
* * * LOW HITPOINT WARNING * * *
The yak gores you but does no damage.
Synnove hits the yak with a +0 flail!
The yak gores you.
* * * LOW HITPOINT WARNING * * *
The yak gores you but does no damage. The basilisk gazes at you.
The yak gores you.
* * * LOW HITPOINT WARNING * * *
The yak gores you. The yak gores you but does no damage.
Synnove hits the yak with a +0 flail!
The yak gores you!
* * * LOW HITPOINT WARNING * * *
The basilisk bites you!
You die...
Hepliaklqana delivers you to your ancestors.

.....
....###.......#.......#.
..............#?........
.........#.............
....................†.
...#÷...........)...#
..........>.....R...#
.........#....#YYl..#
#......<..##..#Y@Y.#
#..................##
..###.#.............#
#.# ###............#.#
P.. #................
... #..÷..............
... #.................
...P #.....#..##.......
#.....##P.# .......


You could see the friendly Synnove the knight, 4 yaks and a basilisk.

Vanquished Creatures
  A hydra (Lair:2)
  A two-headed ogre (D:8)
  An elephant (D:8)
  2 black mambas
  5 cane toads
  A kobold demonologist (D:8)
  A rime drake (Lair:4)
  2 hornets
  Prince Ribbit (D:5)
  7 blink frogs
  Sigmund (D:5)
  A slime creature (D:7)
  A shadow (D:7)
  A wyvern (D:8)
  A basilisk (Lair:2)
  28 yaks
  Grum (D:8)
  A vampire mosquito (D:7)
  A naga (Lair:2)
  An acid dragon (D:7)
  7 water moccasins
  Duvessa (D:7)
  2 orc warriors
  An ice beast (D:6)
  A sky beast (D:7)
  2 black bears (D:8)
  2 ogres
  6 wolves
  2 centaurs (D:7)
  A phantom (D:5)
  9 kobold brigands
  A gnoll sergeant (D:6)
  11 bullfrogs
  2 scorpions (D:6)
  3 wights (D:7)
  2 killer bees (D:9)
  2 bombardier beetles (D:5)
  4 hounds
  2 orc priests
  4 iguanas
  Ijyb (D:5)
  6 orc wizards
  13 gnolls
  4 adders
  A shadow imp (D:7)
  4 white imps
  3 dart slugs
  10 orcs
  4 ball pythons
  3 bats
  6 endoplasms
  6 giant cockroaches
  6 goblins
  7 hobgoblins
  4 jackals (D:4)
  16 kobolds
  2 quokkas
  2 frilled lizards
  5 rats
227 creatures vanquished.

Vanquished Creatures (collateral kills)
  A hydra (Lair:2)
  A skyshark (Lair:4)
  A torpor snail (Lair:2)
  A cane toad (Lair:2)
  A rime drake (Lair:2)
  4 blink frogs
  12 yaks
  2 nagas (Lair:2)
  3 water moccasins
  A sky beast (D:8)
  4 wolves
  4 kobold brigands (D:8)
  Blork the orc (D:5)
  3 bullfrogs
  A gnoll sergeant (D:7)
  A wight (D:7)
  Dowan (D:7)
  2 killer bees (D:9)
  A howler monkey (D:8)
  2 hounds (Lair:1)
  2 orc wizards
  5 gnolls
  2 orcs
  6 kobolds
62 creatures vanquished.

Vanquished Creatures (others)
  5 knights
  12 ancestors
17 creatures vanquished.

Grand Total: 306 creatures vanquished

Notes
Turn   | Place    | Note
-------+----------+-------------------------------------------
     0 | D:5      | ragingrage the Deep Elf Delver began the quest for the Orb.
     0 | D:5      | Reached XP level 1. HP: 13/13 MP: 3/3
    37 | D:5      | Noticed an iguana
    41 | D:5      | Killed an iguana
    42 | D:5      | Reached XP level 2. HP: 18/18 MP: 4/4
    89 | D:5      | Noticed a bombardier beetle
   113 | D:6      | Noticed a bullfrog
   124 | D:6      | Killed a bullfrog
   125 | D:6      | Reached XP level 3. HP: 15/22 MP: 5/5
   125 | D:6      | Reached XP level 4. HP: 19/27 MP: 6/6
   166 | D:6      | Noticed an ice beast
   368 | D:4      | Noticed an ogre
   627 | D:3      | Reached skill level 5 in Short Blades
  1627 | D:2      | Identified the +3 leather armour of Cesisah {Rampage ^Drain
                  | rCorr Dex-3}
  1664 | D:2      | Reached XP level 5. HP: 31/31 MP: 7/7
  2090 | D:2      | Found Gifom's Armour Boutique.
  2096 | D:2      | Bought a +0 cloak for 58 gold pieces
  2262 | D:3      | Found a shadowy altar of Dithmenos.
  2990 | D:4      | Found a shimmering altar of Xom.
  3272 | D:4      | Found a transporter.
  3284 | D:4      | Reached skill level 1 in Ranged Weapons
  3384 | D:4      | Reached skill level 2 in Ranged Weapons
  3671 | D:4      | Found a hazy altar of Hepliaklqana.
  3697 | D:4      | Became a worshipper of Hepliaklqana the Forgotten
  3738 | D:4      | Reached XP level 6. HP: 36/36 MP: 8/8
  3811 | D:4      | Found a radiant altar of Vehumet.
  3822 | D:4      | Found an iron altar of Okawaru.
  3903 | D:4      | Reached skill level 3 in Ranged Weapons
  4067 | D:5      | Found a white marble altar of Elyvilon.
  4074 | D:5      | Found a shimmering blue altar of Sif Muna.
  4077 | D:5      | Found an ornate altar of the Wu Jian Council.
  4178 | D:5      | Found a hide-covered altar of Uskayaw.
  4184 | D:5      | Found a bloodstained altar of Trog.
  4211 | D:5      | Noticed Blork the orc
  4402 | D:5      | Reached skill level 4 in Ranged Weapons
  4552 | D:5      | Reached skill level 5 in Ranged Weapons
  4556 | D:5      | Noticed Ijyb
  4611 | D:6      | Noticed a water moccasin
  4674 | D:6      | Found Eluxt's Antique Armour Boutique.
  4868 | D:6      | Bought a pair of runed boots for 157 gold pieces
  4911 | D:6      | Killed a water moccasin
  4912 | D:6      | Reached skill level 6 in Ranged Weapons
  4912 | D:6      | Reached XP level 7. HP: 20/40 MP: 9/9
  5029 | D:6      | Reached skill level 7 in Ranged Weapons
  5070 | D:7      | Reached skill level 8 in Ranged Weapons
  5076 | D:7      | Noticed Duvessa
  5165 | D:5      | Noticed Sigmund
  5335 | D:4      | Identified the +2 ring mail of Guiti {Regen+ Dex+3}
  5342 | D:4      | Reached skill level 9 in Ranged Weapons
  5363 | D:4      | Found a transporter.
  5363 | D:4      | Reached * piety under Hepliaklqana
  5385 | D:4      | Noticed Ceno's ghost (amateur NaIE)
  5567 | D:5      | Killed Sigmund
  5568 | D:5      | Reached skill level 10 in Ranged Weapons
  5568 | D:5      | Reached XP level 8. HP: 40/40 MP: 10/10
  5609 | D:5      | Killed Ijyb
  5828 | D:5      | Reached skill level 1 in Evocations
  5997 | D:5      | Killed Blork the orc
  6122 | D:5      | Noticed Prince Ribbit
  6165 | D:5      | Killed Prince Ribbit
  6276 | D:5      | Found a sacrificial altar of Ru.
  6421 | D:6      | Reached skill level 11 in Ranged Weapons
  6421 | D:6      | Reached skill level 5 in Dodging
  6476 | D:6      | Found a burning altar of Makhleb.
  6886 | D:7      | Reached XP level 9. HP: 30/44 MP: 11/11
  7163 | D:7      | Killed Duvessa
  7171 | D:7      | Noticed Dowan
  7189 | D:7      | Killed Dowan
  7327 | D:7      | Reached skill level 12 in Ranged Weapons
  7335 | D:7      | Found a blossoming altar of Fedhas.
  7387 | D:7      | Found Ytojujug's Magic Scroll Shop.
  7390 | D:7      | Bought a scroll of blinking for 105 gold pieces
  7390 | D:7      | Bought a scroll of fear for 56 gold pieces
  7390 | D:7      | Bought a scroll of summoning for 133 gold pieces
  7630 | D:7      | Noticed zenocrate's ghost (novice MiDe)
  7630 | D:7      | Found a runed translucent door.
  7718 | D:7      | Found a staircase to the Ecumenical Temple.
  8271 | D:7      | Reached skill level 13 in Ranged Weapons
  8307 | D:7      | Noticed a white ugly thing
  8650 | D:7      | Reached skill level 14 in Ranged Weapons
  8961 | D:8      | Noticed an elephant
  9026 | D:8      | Reached XP level 10. HP: 48/48 MP: 12/12
  9160 | D:8      | Noticed a two-headed ogre
  9185 | D:8      | Killed a two-headed ogre
  9201 | D:8      | Reached ** piety under Hepliaklqana
  9202 | D:8      | Remembered your ancestor Synnove as a knight
  9357 | D:8      | Reached skill level 15 in Ranged Weapons
  9436 | D:8      | Noticed Grum
  9449 | D:8      | Killed Grum
  9563 | D:8      | Killed an elephant
  9574 | D:8      | Reached skill level 5 in Evocations
  9578 | D:8      | Found a staircase to the Lair.
  9773 | D:9      | Found a broken altar of Ashenzari.
  9909 | D:9      | Found Waurom Veki's General Store.
  9931 | D:9      | Bought a potion of berserk rage for 65 gold pieces
  9939 | D:10     | Entered Level 10 of the Dungeon
  9987 | Lair:1   | Entered Level 1 of the Lair of Beasts
 10133 | Lair:1   | Reached skill level 16 in Ranged Weapons
 10141 | Lair:1   | Reached XP level 11. HP: 54/54 MP: 13/13
 10183 | Lair:1   | Reached skill level 10 in Dodging
 10580 | Lair:1   | Reached *** piety under Hepliaklqana
 10644 | Lair:1   | Reached skill level 5 in Fighting
 10954 | Lair:1   | Identified the +1 dagger of Secrifum {venom, rElec rCorr
                  | Stlth+}
 11097 | Lair:1   | Reached skill level 1 in Invocations
 12016 | Lair:2   | Reached **** piety under Hepliaklqana
 12085 | Lair:2   | Reached XP level 12. HP: 63/63 MP: 16/16
 12130 | Lair:2   | Noticed an eight-headed hydra
 12141 | Lair:2   | Killed an eight-headed hydra
 12461 | Lair:2   | Found a staircase to the Snake Pit.
 12539 | Lair:2   | Noticed a four-headed hydra
 12550 | Lair:2   | Killed a four-headed hydra
 12695 | Lair:2   | Found a staircase to the Shoals.
 13025 | Lair:3   | Reached skill level 5 in Invocations
 13107 | Lair:3   | You fall into a shaft and drop 1 floor!
 13390 | Lair:4   | Noticed Rupert
 13468 | Lair:3   | HP: 3/64 [yak (6)]
 13468 | Lair:3   | Slain by a basilisk

Illustrated notes

Levels and vault maps discovered:
D:1:      mrwooster_arrival_statue_3, layout_loops_ring,
          chequers_serial_rivers_micro_a
D:2:      layout_loops_ring, serial_shops, nicolae_shop_hallway_plus,
          minmay_hexomino_p4
D:3:      layout_loops_corners, mainiacjoe_overflow_boulevard,
          chequers_serial_rivers_micro_b, hangedman_decor_push
D:4:      layout_gridville, kennysheep_mini_moat, amcnicky_altar_gilded,
          amethyst_overflow_temple_binary, gammafunk_ghost_gnarly_gnolls
D:5:      layout_basic, nicolae_overflow_hallway_of_the_gods,
          mainiacjoe_overflow_24_doors, uniq_blork_the_orc, uniq_sigmund,
          uniq_prince_ribbit1, uniq_ijyb
D:6:      layout_cave_pools, mainiacjoe_overflow_concentric_impassable,
          serial_shops, shop
D:7:      minmay_chambers_of_sevens, layout_basic, fedhas_altar_4,
          minmay_temple_entry_offerings, serial_shops, nicolae_shop_rolled_up,
          hellmonk_ghost_happy_afterlife, uniq_duvessa
D:8:      layout_gridville, david_lair_generic, special_room
          [special_room_kobold], uniq_grum
D:9:      layout_roguey, nicolae_ashenzari_panopticon, tso_metal_star,
          grunt_gozag_breadcrumbs, erik_orc_1, serial_shops,
          nicolae_shop_competitors_out_of_business, kennysheep_potato
D:10:     layout_rooms, nicolae_shop_clearance, uniq_sonja
Lair:1:   beast_lair_carwin_large_1, layout_cave_pods, gauntlet_entry_generic,
          evilmike_ambush [evilmike_ambush_outer_pillars,
          evilmike_ambush_inner_pond], grunt_megastairs_2
Lair:2:   layout_regular_city, elwin_shoals_entry_rocks,
          minmay_snake_entry_guardpost_small, grunt_megastairs_4
Lair:3:   layout_chaotic_city
Lair:4:   layout_loops_ring, serial_bayou_shore_a, uniq_rupert

Skill      XL: |  1  2  3  4  5  6  7  8  9 10 11 12 |
---------------+-------------------------------------+-----
Short Blades   | 3 4 5 |  5.9
Ranged Weapons | 2 6 10 11 14 16 | 16.0
Evocations     | 3 5 6 |  6.0
Dodging        | 5 8 9 11 13 | 13.2
Fighting       | 3 6 7 |  7.4
Invocations    | 3 6 |  6.3
Stealth        | 8 |  8.0

Action                     |  1- 3 |  4- 6 |  7- 9 | 10-12 || total
---------------------------+-------+-------+-------+-------++-------
  Melee: Short sword       |     8 |   261 |     7 |       ||   276
         Punch             |       |    14 |     3 |     5 ||    22
         Dagger            |       |       |    35 |    82 ||   117
   Fire: Shortbow          |       |    51 |   275 |       ||   326
         Orcbow            |       |       |    88 |   710 ||   798
  Throw: Dart              |       |     5 |       |     2 ||     7
         Throwing net      |       |       |     1 |       ||     1
 Invoke: Recall Ancestor   |       |       |     2 |    11 ||    13
         Ancestor Life: Kn |       |       |       |     1 ||     1
  Evoke: Wand              |       |     1 |    11 |     2 ||    14
    Use: Potion            |       |     3 |       |     2 ||     5
         Scroll            |       |     1 |    13 |     4 ||    18
   Stab: Sleeping          |     2 |    22 |     1 |     1 ||    26
         Distracted        |       |     1 |       |       ||     1
         Held in net/web   |       |       |     2 |       ||     2
         Paralysed         |       |       |     1 |     1 ||     2
 Armour: Leather armour    |     2 |   121 |    69 |   121 ||   313
  Dodge: Dodged            |     5 |   106 |    58 |   157 ||   326

Table legend: (Time is in decaauts)
 A = Elapsed time spent in this place.
 B = Non-inter-level travel time spent in this place.
 C = Inter-level travel time spent in this place.
 D = Time resting spent in this place.
 E = Time spent auto-exploring this place.
 F = Levels seen in this place.
 G = Mean time per level.
                   A        B        C        D        E       F      G
               +--------+--------+--------+--------+--------+-----+--------+
         Total |  13158 |  12331 |    827 |   2309 |   7001 |  14 |  939.9 |
       Dungeon |   9830 |   9104 |    726 |   1748 |   5124 |  10 |  983.0 |
          Lair |   3328 |   3227 |    101 |    561 |   1877 |   4 |  832.0 |
               +--------+--------+--------+--------+--------+-----+--------+

Top non-repeatable levels by time:
     D:7: 1862 daAuts
     D:5: 1641 daAuts
  Lair:1: 1515 daAuts
     D:4: 1415 daAuts
  Lair:2: 1367 daAuts
     D:6: 1131 daAuts
     D:3: 1065 daAuts
     D:8: 964 daAuts
     D:1: 806 daAuts
     D:2: 750 daAuts
  Lair:4: 272 daAuts
     D:9: 190 daAuts
  Lair:3: 173 daAuts
    D:10: 1 daAuts
